 Dungeon Crawl Stone Soup version 0.30.1-9-gdf580d7c3d (webtiles) character file.

Game seed: 2950722420789200259

42 Psyclone the Stinger (level 3, 19/19 HPs)
             Began as a Deep Elf Venom Mage on Sept 27, 2023.
             Quit the game on level 2 of the Dungeon.
             The game lasted 00:03:26 (1548 turns).

Psyclone the Stinger (Deep Elf Venom Mage)          Turns: 1548, Time: 00:03:26

Health: 19/19      AC:  3    Str:  5    XL:     3   Next: 33%
Magic:  9/9        EV: 12    Int: 21    God:
Gold:   83         SH:  0    Dex: 15    Spells: 7/8 levels left

rFire   . . .        f - +0 dagger (vamp)
rCold   . . .        (no shield)
rNeg    . . .        a - +0 robe
rPois   +            (no helmet)
rElec   .            (no cloak)
rCorr   .            k - +0 pair of gloves
SInv    .            (no boots)
Will    .....        (no amulet)
Stlth   ++           g - ring of poison resistance
HPRegen 0.23/turn    (no ring)
MPRegen 0.11/turn

%: no passive effects
@: no status effects
A: no striking features
a: no special abilities


You were on level 2 of the Dungeon.
You visited 1 branch of the dungeon, and saw 2 of its levels.

You collected 83 gold pieces.

Inventory:

Hand Weapons
 e - a +0 rapier
 f - a +0 vampiric dagger (weapon)
Armour
 a - a +0 robe (worn)
 k - a +0 pair of gloves (worn)
Jewellery
 g - a ring of poison resistance (left hand)
Scrolls
 c - a scroll of magic mapping {unknown}
 h - a scroll of teleportation {unknown}
Potions
 b - a potion of magic
 d - a potion of might {unknown}
 i - a potion of flight {unknown}
 j - a potion of mutation {unknown}


   Skills:
 - Level 2.4 Dodging
 - Level 2.4 Stealth
 - Level 3.0 Spellcasting
 - Level 1.1 Transmutations
 + Level 4.9 Poison Magic


You had 7 spell levels left.
You knew the following spells:

 Your Spells              Type           Power      Damage    Failure   Level
a - Sting                 Tmut/Pois      60%        1d6       3%          1

Your spell library contained the following spells:

 Spells                   Type           Power      Damage    Failure   Level
 Poisonous Vapours        Pois/Air       26%        N/A       8%          2
 Slow                     Hex            12%        N/A       13%         1
 Olgreb's Toxic Radiance  Pois           23%        N/A       17%         4
 Mephitic Cloud           Conj/Pois/Air  10%        N/A       21%         3
 Confusing Touch          Hex            3%         N/A       36%         3
 Vampiric Draining        Necr           3%         2d6       36%         3


Dungeon Overview and Level Annotations

Branches:
Dungeon (2/15) Zot: 10451

Altars:
Yredelemnul

Shops:
D:1 ([!(=


Message History

Press: ? - help, Shift-Dir - straight line, f - adder
Aim: an adder (57% to hit)
The sting hits the adder.
The adder is poisoned.
The adder is lightly wounded.
You now have 8/9 mp.
Casting: Sting (safe; 4% risk of failure)
Confirm with . or Enter, or press ? or * to list all spells.
Aiming: Sting (safe; 4% risk of failure)
Press: ? - help, Shift-Dir - straight line, f/p - adder
Aim: an adder (moderately wounded, poisoned, 57% to hit)
The sting hits the adder.
The adder looks even sicker.
The adder is severely wounded.
The adder bites you but does no damage.
You now have 7/9 mp.
Casting: Sting (safe; 4% risk of failure)
Confirm with . or Enter, or press ? or * to list all spells.
Aiming: Sting (safe; 4% risk of failure)
Press: ? - help, Shift-Dir - straight line, f/p - adder
Aim: an adder (severely wounded, very poisoned, 57% to hit)
The sting hits the adder.
The adder looks even sicker.
You kill the adder!
You now have 6/9 mp.
You see here an adder corpse.
You open the door.
There is an open door here.
j - a black potion MP restored: 9 You now have 83 gold pieces (gained 5).
You open the door.
Found a pair of gloves.
There is an open door here.
Done exploring.
You see here a +0 pair of gloves.
k - a +0 pair of gloves You start putting on your armour.
You continue putting on your +0 pair of gloves. x4
You finish putting on your +0 pair of gloves.
Search for what [Enter for "shop", or ? for help]? .
Okay, then.
Are you sure you want to abandon this character and quit the game? (Confirm with "yes".)

#..........#..........##..
#..........#.#.#...##.##..
#.......####.#.##.........
#.......# #.#.#.....#####
#.......# #.#.#......รท...
######### #.#...#........
#.#.#..........
######'#............
#..@.........#..####
############............'......
#.......................#######
#.......................# #....
#.......................###....
#........................##....
#........................##....
#.............#####......##....
############### #............


There were no monsters in sight!

Vanquished Creatures
  An adder (D:2)
  A bat (D:2)
  3 endoplasms
  4 goblins (D:1)
  2 hobgoblins
  2 jackals (D:2)
  5 quokkas
  3 ball pythons (D:1)
  4 frilled lizards
  A kobold (D:2)
  4 rats
30 creatures vanquished.

Notes
Turn   | Place    | Note
-------+----------+-------------------------------------------
     0 | D:1      | Psyclone the Deep Elf Venom Mage began the quest for the
                  | Orb.
     0 | D:1      | Reached XP level 1. HP: 10/10 MP: 6/6
   248 | D:1      | Found Wabuli's Armour Shoppe.
   262 | D:1      | Found Nalink's Distillery.
   265 | D:1      | Reached XP level 2. HP: 15/15 MP: 8/8
   299 | D:1      | Reached skill level 4 in Poison Magic
   355 | D:1      | Found Jatwiv's Antique Weapon Shoppe.
   452 | D:1      | Found Peackin's Antique Weapon Boutique.
   484 | D:1      | Found Uludaebua's Jewellery Emporium.
  1048 | D:2      | Reached XP level 3. HP: 16/19 MP: 5/9
  1339 | D:2      | Found a basalt altar of Yredelemnul.
  1548 | D:2      | Quit the game

Illustrated notes

Levels and vault maps discovered:
D:1:      dpeg_arrival_rooms_b, layout_loops_ring, serial_shops,
          nicolae_shop_trees, nicolae_shop_behind_doors, shop,
          nicolae_shop_window_shopping, nicolae_shop_rolling_square,
          grunt_decor_fettered
D:2:      layout_basic, basic_altar

Skill      XL: |  1  2 |
---------------+-------+-----
Poison Magic   | 4 |  4.9
Dodging        | |  2.4
Stealth        | |  2.4
Spellcasting   | |  3.0
Transmutations | |  1.1

Action                     || total
---------------------------++-------
  Melee: Rapier            ||    11
         Unarmed           ||     1
         Dagger            ||    45
         Punch             ||     1
   Cast: Sting             ||    39
   Stab: Sleeping          ||     3
 Armour: Robe              ||     7
  Dodge: Dodged            ||    46
